Map: Simulacrum LE

Players

JohnnyV - Winner!

  • Race: Terran Terran
  • League: Silver
  • Spawn Location: 5:00

일우도달이

  • Race: Protoss Protoss
  • Spawn Location: 11:00

VOD

Have the link to the VOD?

Description

Time

  • Played on: May 2, 2020, 9:46 a.m.
  • Length: 15:13
Show
View Real Time Build Order
Export as new Build Order

JohnnyV Terran - Winner!

Build Orders:  

Get SALT Encoding   

  12  0:02  SCV  
  13  0:18  SCV, Supply Depot  
  14  0:33  SCV  
  15  0:41  Refinery  
  15  0:43  Barracks  
  15  0:46  SCV  
  16  0:58  SCV  
  17  1:10  SCV  
  18  1:22  SCV  
  19  1:32  Supply Depot  
  19  1:33  Reaper  
  19  1:34  SCV  
  21  1:46  Refinery  
  21  1:49  Orbital Command  
  21  2:05  Factory  
  21  2:22  Barracks  
  20  2:23  Marine  
  21  2:40  Bunker  
  21  2:49  Marine  
  22  2:52  Widow Mine  
  22  2:57  SCV  
  25  2:59  Supply Depot  
  25  3:09  SCV  
  25  3:10  Barracks Tech Lab  
  26  3:17  Barracks Reactor  
  26  3:19  Starport  
  26  3:29  Supply Depot  
  26  3:48  Command Center  
  26  3:52  Siege Tank  
  29  3:57  SCV  
  29  4:02  Marine x2  
  32  4:10  SCV  
  33  4:17  Liberator  
  36  4:28  SCV  
  36  4:29  Marine x2  
  36  4:30  Barracks Tech Lab  
  39  4:40  Siege Tank  
  42  4:50  Engineering Bay  
  42  4:54  Marine x2  
  42  4:56  Combat Shield  
  44  5:08  Liberator  
  44  5:12  Marine x2  
  49  5:18  Supply Depot  
  49  5:22  Orbital Command  
  49  5:25  SCV  
  52  5:28  Marauder  
  52  5:36  Siege Tank  
  52  5:37  SCV  
  56  5:45  Marine x2  
  55  6:26  Raven  
  55  6:30  Factory Tech Lab  
  55  6:31  Marauder, Marine  
  55  6:32  Marine  
  61  6:36  SCV x2  
  63  6:41  Refinery  
  63  6:43  Terran Infantry Armor Level 1  
  63  6:46  Refinery  
  63  6:48  SCV  
  63  6:53  Supply Depot  
  64  6:59  Marine x3  
  64  7:01  Siege Tank  
  70  7:04  Engineering Bay  
  70  7:17  Marine x2  
  70  7:18  Marauder  
  71  7:48  Marine  
  72  7:53  Terran Infantry Weapons Level 1  
  72  7:59  Cyclone  
  75  8:11  Barracks  
  74  8:13  Barracks  
  74  8:30  Marine x2  
  74  8:31  SCV x2  
  78  8:37  Neosteel Armor  
  78  8:38  Sensor Tower  
  78  8:44  Sensor Tower  
  78  8:48  Missile Turret  
  78  8:49  Missile Turret  
  78  8:51  Missile Turret  
  78  8:54  Missile Turret  
  78  8:56  Missile Turret x2  
  78  8:57  Missile Turret  
  78  8:58  Missile Turret  
  78  8:59  Missile Turret  
  78  9:07  SCV x2  
  80  9:14  Command Center  
  80  9:17  Cyclone  
  83  9:25  SCV x2  
  83  9:33  Marine x2  
  83  9:38  SCV  
  86  9:47  Hi-Sec Auto Tracking  
  86  9:51  Concussive Shells  
  86  9:57  Supply Depot x2  
  86  10:07  Barracks Tech Lab  
  86  10:09  Barracks Tech Lab  
  86  10:11  Supply Depot  
  86  10:14  Supply Depot  
  86  10:18  SCV, Cyclone  
  86  10:19  Marauder  
  92  10:23  Medivac x2  
  96  10:44  Marine x2  
  96  10:49  SCV x2  
  100  11:11  Refinery  
  100  11:13  Armory, Refinery  
  100  11:14  Planetary Fortress  
  100  11:15  Armory  
  100  11:17  Marine  
  100  11:18  Marauder x2, Marine  
  106  11:43  Siege Tank  
  106  11:46  Marauder x2  
  113  11:47  Stimpack  
  113  11:49  Medivac  
  113  11:50  Medivac  
  117  11:56  Marine  
  117  11:57  Marine  
  119  12:07  Marine  
  117  12:15  Marine x3  
  117  12:16  Terran Infantry Armor Level 2  
  118  12:25  Marine  
  119  12:38  Sensor Tower  
  119  12:40  Marine  
  119  12:41  Marauder x2  
  119  12:43  Marauder  
  126  12:53  SCV  
  126  12:54  SCV x2  
  126  12:58  Missile Turret, Marine  
  130  13:06  SCV, Viking  
  133  13:16  Viking  
  133  13:18  Supply Depot  
  135  13:21  Supply Depot  
  135  13:24  Missile Turret  
  135  13:25  Missile Turret  
  135  13:39  Thor  
  141  13:49  SCV x3  
  141  13:52  Viking  
  146  14:01  SCV x2, Marine x3  
  146  14:02  Marauder  
  153  14:19  Marauder  
  153  14:20  Marauder  
  157  14:26  Supply Depot  
  157  14:48  SCV x2, Marauder  
Show
View Real Time Build Order
Export as new Build Order

일우도달이 Protoss 

Build Orders:  

Get SALT Encoding   

  12  0:03  Probe  
  13  0:16  Probe (Chrono Boost)  
  13  0:18  Pylon  
  15  0:28  Probe (Chrono Boost)  
  15  0:38  Gateway  
  15  0:43  Assimilator  
  15  0:48  Assimilator  
  15  0:50  Probe  
  16  1:05  Pylon  
  16  1:13  Probe (Chrono Boost)  
  17  1:24  Probe (Chrono Boost)  
  18  1:26  Gateway  
  18  1:39  Probe  
  19  1:56  Cybernetics Core  
  19  1:58  Probe  
  20  2:20  Nexus  
  20  2:25  Probe (Chrono Boost)  
  21  2:31  Zealot  
  23  2:57  Stalker  
  25  3:05  Pylon  
  25  3:07  Warp Gate (Chrono Boost)  
  25  3:16  Probe  
  26  3:27  Sentry, Stargate  
  26  3:28  Probe (Chrono Boost)  
  26  3:31  Stalker  
  31  3:37  Probe (Chrono Boost)  
  32  3:44  Pylon  
  33  3:48  Probe (Chrono Boost)  
  33  3:57  Gateway  
  33  4:03  Assimilator  
  33  4:08  Probe  
  34  4:15  Zealot  
  36  4:18  Stalker  
  38  4:27  Probe  
  38  4:30  Pylon  
  39  4:39  Forge  
  39  4:59  Void Ray  
  43  5:01  Probe  
  44  5:11  Photon Cannon  
  44  5:13  Photon Cannon  
  44  5:28  Robotics Facility  
  44  5:31  Pylon  
  44  5:33  Sentry  
  46  5:37  Stalker  
  46  5:41  Zealot  
  50  5:47  Probe  
  47  5:59  Probe  
  40  6:11  Probe  
  39  6:24  Probe (Chrono Boost)  
  40  6:26  Void Ray  
  44  6:36  Probe (Chrono Boost)  
  44  6:39  Probe (Chrono Boost)  
  47  6:47  Probe (Chrono Boost)  
  47  6:50  Stalker x2  
  51  6:58  Observer  
  52  7:03  Pylon  
  51  7:09  Probe  
  47  7:24  Probe (Chrono Boost)  
  48  7:34  Phoenix  
  48  7:36  Probe (Chrono Boost)  
  51  7:41  Probe (Chrono Boost)  
  52  7:44  Stalker  
  54  7:56  Stalker  
  56  8:02  Probe (Chrono Boost)  
  58  8:14  Probe (Chrono Boost)  
  58  8:20  Probe (Chrono Boost)  
  59  8:32  Twilight Council  
  59  8:34  Zealot  
  61  8:48  Observer  
  62  8:52  Stalker  
  62  8:54  Stalker  
  62  9:42  Probe  
  63  9:50  Stalker  
  63  9:52  Zealot  
  67  9:55  Nexus  
  67  10:07  Dark Shrine  
  67  10:13  Sentry  
  69  10:22  Pylon  
  69  10:26  Assimilator  
  69  10:29  Assimilator  
  69  11:01  Stalker  
  69  11:02  Stalker  
  69  11:03  Stalker  
  75  11:14  Robotics Bay  
  75  11:20  Pylon  
  75  11:25  Probe (Chrono Boost)  
  76  11:37  Probe (Chrono Boost)  
  63  12:28  Photon Cannon  
  63  12:29  Photon Cannon  
  63  12:31  Photon Cannon  
  63  12:34  Photon Cannon  
  63  12:38  Photon Cannon  
  63  12:49  Dark Templar  
  65  12:55  Dark Templar  
  67  13:05  Shield Battery  
  67  13:13  Assimilator  
  67  13:16  Probe (Chrono Boost)  
  68  13:30  Probe (Chrono Boost)  
  69  13:40  Probe  
  70  13:50  Dark Templar  
  70  13:52  Dark Templar  
  74  14:00  Probe (Chrono Boost)  
  76  14:12  Probe (Chrono Boost)  
  76  14:13  Probe (Chrono Boost)  
  76  14:16  Probe (Chrono Boost)  
  78  14:25  Templar Archives  
  78  14:27  Pylon  
  77  14:59  Dark Templar  
  53  15:00  Dark Templar  
  53  15:01  Dark Templar  
Tags
 
League
Silver
Matchup
PvT
Spawn Locations
Cross Positions
Add a new tag
Caveats
  • Supply blocks, unpowered buildings, or Contaminate may cause inaccurate times.
  • Supply counts are checked every 10 seconds.